 Dungeon Crawl Stone Soup version 0.22-a0-512-g0943f25 (webtiles) character file.

835 emperorscorpion the Insei (level 7, -13/53 HPs)
             Began as a Gnoll Transmuter on June 18, 2018.
             Mangled by an ogre
             ... wielding a +0 giant club
              (24 damage)
             ... on level 7 of the Dungeon.
             The game lasted 00:11:06 (1899 turns).

emperorscorpion the Insei (Gnoll Transmuter)        Turns: 1899, Time: 00:11:06

Health: -13/53     AC:  7    Str: 17    XL:     7   Next: 99%
Magic:  24/24      EV: 14    Int: 18    God:
Gold:   162        SH:  0    Dex: 17    Spells: 12/17 levels left

rFire    . . .     SeeInvis .   g - +8 mace of Suicidal Tendencies {crush, Int+2}
rCold    . . .     Gourm    +   (no shield)
rNeg     . . .     Faith    .   i - +0 ring mail
rPois    .         Spirit   .   p - +0 helmet (curse)
rElec    .         Reflect  .   (no cloak)
rCorr    .         Harm     .   l - +0 pair of gloves
MR       .....                  (no boots)
Stlth    ++........             m - amulet of the gourmand
HPRegen  0.17/turn              e - ring of magical power
MPRegen  0.19/turn              o - +5 ring of strength

@: no status effects
A: distributed training, fangs 1, strong nose
a: no special abilities


You were on level 7 of the Dungeon.
You were hungry.

You visited 1 branch of the dungeon, and saw 7 of its levels.

You collected 162 gold pieces.

Inventory:

Hand Weapons
 g - the +8 mace of Suicidal Tendencies (weapon) {crush, Int+2}
   (You found it on level 6 of the Dungeon)

   It inflicts extra damage upon your enemies.
   It affects your intelligence (+2).
 n - a +6 dagger
Missiles
 a - 29 arrows
Armour
 b - a +0 robe
 i - a +0 ring mail (worn)
 l - a +0 pair of gloves (worn)
 p - a cursed +0 helmet (worn)
Jewellery
 e - a ring of magical power (left hand)
 m - an amulet of the gourmand (around neck)
 o - a +5 ring of strength (right hand)
Wands
 c - a wand of iceblast (9)
 q - a wand of digging (15)
Scrolls
 j - a scroll of magic mapping {unknown}
 r - a scroll of noise {unknown}
 u - a scroll of teleportation
Potions
 f - 2 potions of flight
 h - a potion of haste
 s - 2 potions of heal wounds
 t - 2 potions of degeneration {unknown}
Comestibles
 d - 7 rations


   Skills:
 + Level 3.8 Fighting
 + Level 2.7 Short Blades
 + Level 2.7 Long Blades
 + Level 2.7 Axes
 + Level 2.7 Maces & Flails
 + Level 2.7 Polearms
 + Level 2.7 Staves
 + Level 2.7 Slings
 + Level 2.7 Bows
 + Level 2.7 Crossbows
 + Level 2.7 Throwing
 + Level 2.7 Armour
 + Level 5.4 Dodging
 + Level 2.7 Stealth
 + Level 2.7 Shields
 + Level 7.1 Unarmed Combat
 + Level 5.7 Spellcasting
 + Level 2.2 Conjurations
 + Level 2.2 Hexes
 + Level 2.2 Charms
 + Level 2.2 Summonings
 + Level 2.2 Necromancy
 + Level 2.2 Translocations
 + Level 4.4 Transmutations
 + Level 2.2 Fire Magic
 + Level 2.2 Ice Magic
 + Level 2.2 Air Magic
 + Level 2.2 Earth Magic
 + Level 2.2 Poison Magic
 + Level 3.0 Invocations
 + Level 2.7 Evocations


You had 12 spell levels left.
You knew the following spells:

 Your Spells              Type           Power        Failure   Level  Hunger
b - Sticks to Snakes      Tmut           ###.....     5%          2    None
c - Spider Form           Tmut/Pois      ###.......   17%         3    ##.....

Your spell library contained the following spells:

 Spells                   Type           Power        Failure   Level  Hunger
 Blade Hands              Tmut           ###.......   69%         5    #####..
 Ice Form                 Ice/Tmut       ###.....     50%         4    ####...
 Beastly Appendage        Tmut           ###...       3%          1    None


Dungeon Overview and Level Annotations

Branches:
Dungeon (7/15)
 Temple: D:4-7

Altars:
Elyvilon
Fedhas
Gozag
Kikubaaqudgha
Ru
Uskayaw
Vehumet
Yredelemnul


Innate Abilities, Weirdness & Mutations

Your experience applies equally to all skills.
You have very sharp teeth.
Your uncanny sense of smell can sniff out nearby items.


Message History

No target in view!
An ogre comes into view. It is wielding a giant club.
The ogre shouts!
You sock the ogre!
The ogre is moderately wounded.
The ogre hits you with a giant club!!
You thump the ogre! You bite the ogre, but do no damage.
The ogre is almost dead.
The ogre hits you with a giant club!
You are too injured to fight recklessly!
You are too injured to fight recklessly!
You are too injured to fight recklessly!
You closely miss the ogre. Your bite misses the ogre.
The ogre is almost dead.
The ogre hits you with a giant club.
* * * LOW HITPOINT WARNING * * *
You barely miss the ogre. You bite the ogre.
The ogre is almost dead.
The ogre hits you with a giant club!!
You die...

#..# #..# #..#
###### #..#
.....# #..#
.....# #..#
.....# #.O#
.....#### #.@#
........# #..#
........# #..#
........# #..#
........#
####..#
........#
#..<..#
........#
#.###.#
........#
#.#.#.#
.###...###
#.#.#.#########


You could see an ogre.

Vanquished Creatures
  A human (D:4)
  3 ogres
  A gnoll sergeant (D:7)
  2 crimson imps (D:6)
  A hound (D:5)
  An orc priest (D:3)
  A centaur skeleton (D:6)
  A jelly (D:5)
  An iguana (D:7)
  A worker ant (D:7)
  7 gnolls (D:7)
  4 adders
  2 dart slugs
  3 leopard geckos
  An orc (D:3)
  5 goblins
  A hobgoblin (D:3)
  6 jackals
  4 quokkas
  A ball python (D:4)
  3 bats (D:2)
  2 frilled lizards (D:2)
  A giant cockroach zombie (D:5)
  A goblin zombie (D:4)
  A jackal skeleton (D:4)
  A jackal zombie (D:4)
  4 kobolds
  2 rats (D:2)
62 creatures vanquished.

Vanquished Creatures (collateral kills)
  3 orcs (D:3)
3 creatures vanquished.

Vanquished Creatures (others)
  Natasha (twice) (D:2)
  4 jackals (D:2)
  A quokka (D:7)
7 creatures vanquished.

Grand Total: 72 creatures vanquished

Notes
Turn   | Place    | Note
-------+----------+-------------------------------------------
     0 | D:1      | emperorscorpion the Gnoll Transmuter began the quest for the Orb.
     0 | D:1      | Reached XP level 1. HP: 17/17 MP: 6/6
    61 | D:1      | Reached XP level 2. HP: 5/23 MP: 7/7
   120 | D:2      | Killed Natasha
   153 | D:2      | Found a radiant altar of Vehumet.
   239 | D:2      | Learned a level 2 spell: Sticks to Snakes
   297 | D:2      | Reached XP level 3. HP: 11/28 MP: 9/9
   312 | D:3      | Found a hide-covered altar of Uskayaw.
   351 | D:3      | Found a blossoming altar of Fedhas.
   352 | D:3      | Found an ancient bone altar of Kikubaaqudgha.
   361 | D:3      | Reached skill level 5 in Spellcasting
   472 | D:2      | Killed Natasha
   549 | D:3      | Reached skill level 1 in Short Blades
   549 | D:3      | Reached skill level 1 in Long Blades
   549 | D:3      | Reached skill level 1 in Axes
   549 | D:3      | Reached skill level 1 in Maces & Flails
   549 | D:3      | Reached skill level 1 in Polearms
   549 | D:3      | Reached skill level 1 in Staves
   549 | D:3      | Reached skill level 1 in Slings
   549 | D:3      | Reached skill level 1 in Bows
   549 | D:3      | Reached skill level 1 in Crossbows
   549 | D:3      | Reached skill level 1 in Throwing
   549 | D:3      | Reached skill level 1 in Armour
   549 | D:3      | Reached skill level 1 in Stealth
   549 | D:3      | Reached skill level 1 in Shields
   549 | D:3      | Reached skill level 1 in Invocations
   549 | D:3      | Reached skill level 1 in Evocations
   549 | D:3      | Reached XP level 4. HP: 3/34 MP: 11/11
   636 | D:2      | Learned a level 3 spell: Spider Form
   903 | D:4      | Noticed a human
   904 | D:4      | Found a runed door.
   910 | D:4      | Found a basalt altar of Yredelemnul.
   941 | D:4      | Killed a human
   941 | D:4      | Reached skill level 1 in Conjurations
   941 | D:4      | Reached skill level 1 in Hexes
   941 | D:4      | Reached skill level 1 in Charms
   941 | D:4      | Reached skill level 1 in Summonings
   941 | D:4      | Reached skill level 1 in Necromancy
   941 | D:4      | Reached skill level 1 in Translocations
   941 | D:4      | Reached skill level 1 in Fire Magic
   941 | D:4      | Reached skill level 1 in Ice Magic
   941 | D:4      | Reached skill level 1 in Air Magic
   941 | D:4      | Reached skill level 1 in Earth Magic
   941 | D:4      | Reached skill level 1 in Poison Magic
   941 | D:4      | Reached XP level 5. HP: 39/41 MP: 12/12
   952 | D:4      | Found an opulent altar of Gozag.
  1003 | D:4      | Reached XP level 6. HP: 39/47 MP: 13/13
  1054 | D:5      | Entered Level 5 of the Dungeon
  1135 | D:6      | Reached skill level 5 in Dodging
  1144 | D:6      | Reached XP level 7. HP: 36/52 MP: 15/15
  1176 | D:5      | Reached skill level 7 in Unarmed Combat
  1201 | D:5      | Found a sacrificial altar of Ru.
  1208 | D:5      | Found a white marble altar of Elyvilon.
  1208 | D:5      | Found a basalt altar of Yredelemnul.
  1314 | D:6      | Got a crystal mace
  1315 | D:6      | Identified the +8 mace of Suicidal Tendencies {crush, Int+2} (You found it on level 6 of the Dungeon)
  1418 | D:7      | Found a white marble altar of Elyvilon.
  1899 | D:7      | Mangled by an ogre

Vault maps used:
D:1:      minmay_arrival_semitransparent, glass_columns_a,
          nemelex_xobeh_ov_fountains_minmay
D:2:      fiery_altar_vehumet, tso_metal_star, uniq_natasha, uniq_jessica
D:3:      grunt_temple_overflow_growth_and_decay, nicolae_overflow_hidden_temple
D:4:      grunt_gozag_breadcrumbs, minmay_temple_entry_purple_smoke,
          first_ration, dk_yredelemnul_ordeal
D:5:      ashenzari_conservatory_becter, grunt_temple_overflow_open,
          corner_web_ring, fedhas_altar_fruit_tree
D:6:      nicolae_ossuary_entry_giza
D:7:      lemuel_coloured_pillars_altar, elyvilon_altar_4,
          uniq_crazy_yiuf_cottage

Skill      XL: |  1  2  3  4  5  6  7 |
---------------+----------------------+-----
Spellcasting   | 5 |  5.7
Short Blades   | 1 2 |  2.7
Long Blades    | 1 2 |  2.7
Axes           | 1 2 |  2.7
Maces & Flails | 1 2 |  2.7
Polearms       | 1 2 |  2.7
Staves         | 1 2 |  2.7
Slings         | 1 2 |  2.7
Bows           | 1 2 |  2.7
Crossbows      | 1 2 |  2.7
Throwing       | 1 2 |  2.7
Armour         | 1 2 |  2.7
Stealth        | 1 2 |  2.7
Shields        | 1 2 |  2.7
Invocations    | 1 2 3 |  3.0
Evocations     | 1 2 |  2.7
Fighting       | 3 |  3.8
Conjurations   | 1 2 |  2.2
Hexes          | 1 2 |  2.2
Charms         | 1 2 |  2.2
Summonings     | 1 2 |  2.2
Necromancy     | 1 2 |  2.2
Translocations | 1 2 |  2.2
Transmutations | 4 |  4.4
Fire Magic     | 1 2 |  2.2
Ice Magic      | 1 2 |  2.2
Air Magic      | 1 2 |  2.2
Earth Magic    | 1 2 |  2.2
Poison Magic   | 1 2 |  2.2
Dodging        | 5 |  5.4
Unarmed Combat | 7 |  7.1

Action                   |  1- 3 |  4- 6 |  7- 9 || total
-------------------------+-------+-------+-------++-------
Melee: Unarmed           |    70 |    26 |    12 ||   108
       Punch             |     3 |       |     2 ||     5
       Headbutt          |     2 |       |       ||     2
       Bite              |     3 |     4 |     8 ||    15
       Kick              |     3 |       |       ||     3
       Dagger            |    11 |    41 |    34 ||    86
       Mace              |       |       |    23 ||    23
 Cast: Beastly Appendage |     6 |       |       ||     6
       Sticks to Snakes  |     1 |     7 |       ||     8
       Spider Form       |       |     3 |     1 ||     4
  Use: Scroll            |       |       |     4 ||     4
       Potion            |       |       |     4 ||     4
 Stab: Distracted        |     2 |       |       ||     2
       Sleeping          |       |     1 |       ||     1
  Eat: Chunk             |     4 |     2 |     1 ||     7
Armor: Robe              |     4 |       |       ||     4
       Ring mail         |    12 |    12 |    14 ||    38
       Skin              |       |     1 |       ||     1
Dodge: Dodged            |    72 |    40 |    59 ||   171

Table legend:
 A = Spawn XP
 B = Non-spawn XP
 C = Spawn XP percentage of total XP
 D = Spawn monster count
 E = Non-spawn monster count
 F = Spawn count percentage of total count
 G = Total turns spent on level
                    A         B        C        D         E        F      G
               +---------+---------+-------+---------+---------+-------+---------
         Total |       0 |    1194 |   0.0 |       0 |      65 |   0.0 |  1899
               +---------+---------+-------+---------+---------+-------+---------
           D:1 |       0 |      13 |   0.0 |       0 |       6 |   0.0 |   113
           D:2 |       0 |      28 |   0.0 |       0 |      16 |   0.0 |   316
           D:3 |       0 |      63 |   0.0 |       0 |      10 |   0.0 |   472
           D:4 |       0 |     223 |   0.0 |       0 |      11 |   0.0 |   153
           D:5 |       0 |      98 |   0.0 |       0 |       5 |   0.0 |   146
           D:6 |       0 |     397 |   0.0 |       0 |       6 |   0.0 |   191
           D:7 |       0 |     372 |   0.0 |       0 |      11 |   0.0 |   508
               +---------+---------+-------+---------+---------+-------+---------
